 Dungeon Crawl Stone Soup version 0.24-a0-530-g18ba70b503 (webtiles) character file.

Game seed: 17375749659836649299

154 FishyPogo the Chiller (level 5, -2/42 HPs)
             Began as a Naga Ice Elementalist on Aug 7, 2019.
             Was an Initiate of Dithmenos.
             Slain by Grinder (8 damage)
             ... on level 3 of the Dungeon.
             The game lasted 00:11:52 (2228 turns).

FishyPogo the Chiller (Naga Ice Elementalist)       Turns: 2228, Time: 00:11:52

Health: -2/42      AC:  5    Str: 10    XL:     5   Next: 36%
Magic:  2/9        EV: 10    Int: 17    God:    Dithmenos [......]
Gold:   154        SH:  0    Dex: 11    Spells: 3/10 levels left

rFire    . . .     SeeInvis +   o - staff of conjuration
rCold    . . .     Gourm    .   (no shield)
rNeg     . . .     Faith    .   i - +0 robe
rPois    +         Spirit   .   l - +2 helmet
rElec    .         Reflect  .   (no cloak)
rCorr    .         Harm     .   (no gloves)
MR       .....                  (no barding)
Stlth    ++........             (no amulet)
HPRegen  0.14/turn              (no ring)
MPRegen  0.11/turn              (no ring)

@: about to teleport, short of breath, very slow
A: large, see invisible, deformed body, poison resistance, slowness 2, slow
metabolism 1, spit poison 1, AC +1
a: Spit Poison, Renounce Religion


You were on level 3 of the Dungeon.
You worshipped Dithmenos.
Dithmenos was noncommittal.
You were not hungry.

You visited 1 branch of the dungeon, and saw 3 of its levels.

You collected 154 gold pieces.

Inventory:

Hand Weapons
 a - a +2 dagger of draining
 g - a +0 dagger
Armour
 i - a +0 robe (worn)
 l - a +2 helmet (worn)
Magical Staves
 o - an uncursed staff of conjuration (weapon)
Wands
 n - a wand of polymorph (3)
Scrolls
 d - 2 scrolls of teleportation
 h - 3 scrolls of identify
 j - 8 scrolls of remove curse {unknown}
Potions
 b - 5 potions of heal wounds {unknown}
 e - a potion of resistance {unknown}
 f - 3 potions of curing
 k - 2 potions of flight {unknown}
 p - 2 potions of haste {unknown}
 q - a potion of magic {unknown}
Comestibles
 c - 7 rations
 m - 5 chunks of flesh


   Skills:
 - Level 2.0 Dodging
 - Level 3.0 Stealth
 + Level 3.0 Spellcasting
 - Level 1.0 Conjurations
 * Level 1.7 Summonings
 * Level 4.6 Ice Magic


You had 3 spell levels left.
You knew the following spells:

 Your Spells              Type           Power        Failure   Level  Hunger
a - Freeze                Ice            ###.         2%          1    None
b - Throw Frost           Conj/Ice       ###...       9%          2    ##.....
c - Summon Ice Beast      Ice/Summ       ##......     43%         4    ####...

Your spell library contained the following spells:

 Spells                   Type           Power        Failure   Level  Hunger
 Ozocubu's Armour         Chrm/Ice       ##......     21%         3    ###....
 Throw Icicle             Conj/Ice       ###.....     50%         4    ####...


Dungeon Overview and Level Annotations

Branches:
Dungeon (3/15)

Altars:
Dithmenos
Nemelex Xobeh
Okawaru
Sif Muna

Annotations:
D:3 Grinder, Sigmund


Innate Abilities, Weirdness & Mutations

You cannot wear boots.
Your serpentine skin is tough. (AC +1)
You have supernaturally acute eyesight. (SInv)
Armour fits poorly on your strangely shaped body.
Your system is resistant to poisons. (rPois)
You cover ground very slowly.
You have a slow metabolism.
You can spit poison.


Message History

* * * LOW HITPOINT WARNING * * *
Grinder hits you.
* * * LOW HITPOINT WARNING * * *
You writhe in agony.
* * * LOW HITPOINT WARNING * * *
Grinder gestures at you.
You shrug off the repeated paralysis!
You can move again.
Press: ? - help, Shift-Dir - straight line, f/p - Grinder
Aim: Grinder (lightly wounded)
The splash of poison hits Grinder.
Grinder is lightly wounded.
You feel slightly more hungry. Grinder hits you but does no damage.
As you read the scroll of teleportation, it crumbles to dust.
You feel strangely unstable. Grinder closely misses you.
As you read the scroll labeled BYTALI XATYGE, it crumbles to dust.
It is a scroll of enchant armour.
Your +1 helmet glows green for a moment.
Grinder hits you!
You die...

####### #S.... ###
#....# #..
######.####.#.#
#.%5........#.#
#.#.@..####.#.# #+
...#.#########.######.
#...#..................
#...#..#.5%......#.....
#...#..#.##.##...#.###.
#......#.##.##.###.# #.
#..##.##.##.##.# #.# ..
#< .....>...#.# #.#.##
# ##..#.##5.#.# #.#. .


You could see Grinder.

Vanquished Creatures
  Jessica (D:2)
  A gnoll (D:1)
  5 adders
  2 oozes
  4 dart slugs
  A leopard gecko (D:3)
  2 orcs (D:3)
  9 bats
  A giant cockroach (D:1)
  6 goblins
  6 hobgoblins
  4 jackals (D:1)
  2 kobolds (D:1)
  3 quokkas
  2 frilled lizards
  4 rats
53 creatures vanquished.

Notes
Turn   | Place    | Note
-------+----------+-------------------------------------------
     0 | D:1      | FishyPogo the Naga Ice Elementalist began the quest for the
                  | Orb.
     0 | D:1      | Reached XP level 1. HP: 15/15 MP: 3/3
   175 | D:1      | Reached XP level 2. HP: 8/22 MP: 1/5
   187 | D:1      | HP: 1/22 [dart slug/slug dart (8)]
   591 | D:1      | Reached XP level 3. HP: 28/28 MP: 6/6
   697 | D:1      | Learned a level 2 spell: Throw Frost
  1103 | D:2      | Reached skill level 4 in Ice Magic
  1164 | D:2      | Found a sparkling altar of Nemelex Xobeh.
  1192 | D:2      | Found an iron altar of Okawaru.
  1204 | D:2      | Reached XP level 4. HP: 36/36 MP: 7/7
  1213 | D:2      | Learned a level 4 spell: Summon Ice Beast
  1294 | D:2      | Found a shadowy altar of Dithmenos.
  1324 | D:2      | Became a worshipper of Dithmenos the Shadowed
  1465 | D:2      | Noticed Jessica
  1467 | D:2      | Killed Jessica
  1467 | D:2      | Reached skill level 1 in Summonings
  1738 | D:2      | Found a deep blue altar of Sif Muna.
  1882 | D:3      | Reached XP level 5. HP: 42/42 MP: 9/9
  2004 | D:3      | Noticed Grinder
  2151 | D:3      | Noticed Sigmund
  2221 | D:3      | Paralysed by Grinder for 5 turns
  2228 | D:3      | Slain by Grinder

Levels and vault maps discovered:
D:1:      erik_arrival_blinker_ship, layout_basic, minmay_misc_feat_roman
D:2:      layout_loops_ring, nemelex_xobeh_ov_fountains_minmay,
          nicolae_dithmenos_shadow_blocks, nicolae_overflow_crystal_walls,
          led_sif_pool, uniq_jessica
D:3:      layout_basic, nicolae_ru_great_annihilating_truth, first_ration,
          portal_sewer_entry_b, uniq_sigmund, uniq_grinder

Skill      XL: |  1  2  3  4  5 |
---------------+----------------+-----
Dodging        | 2 |  2.0
Ice Magic      | 4 |  4.6
Summonings     | 1 |  1.7
Spellcasting   | 3 |  3.0
Stealth        | |  3.0
Conjurations   | |  1.0

Action                   |  1- 3 |  4- 6 || total
-------------------------+-------+-------++-------
Melee: Dagger            |    12 |     1 ||    13
 Cast: Freeze            |    22 |    10 ||    32
       Throw Frost       |     4 |    20 ||    24
 Abil: Spit Poison       |    27 |    16 ||    43
  Use: Scroll            |       |     5 ||     5
  Eat: Chunk             |     1 |     6 ||     7
Armor: Robe              |     4 |     2 ||     6
Dodge: Dodged            |    16 |     6 ||    22

Table legend:
 A = Non-vault XP
 B = Vault XP
 C = Vault XP percentage of total XP
 D = Non-vault monster count
 E = Vault monster count
 F = Vault count percentage of total count
                 A         B        C        D         E       F
            +---------+---------+-------+---------+---------+-------
      Total |     184 |      37 |  16.7 |      52 |       1 |   1.9
            +---------+---------+-------+---------+---------+-------
        D:1 |      65 |       0 |   0.0 |      24 |       0 |   0.0
        D:2 |      53 |      37 |  41.1 |      14 |       1 |   6.7
        D:3 |      66 |       0 |   0.0 |      14 |       0 |   0.0
            +---------+---------+-------+---------+---------+-------
